 Dungeon Crawl Stone Soup version 0.25.1-2-g60ff931df9 (webtiles) character file.

Game seed: 9342645356262732895

84 raphialitos the Vexing (level 4, 32/32 HPs)
             Began as a Formicid Arcane Marksman on Nov 10, 2020.
             Quit the game on level 2 of the Dungeon on Nov 11, 2020.
             The game lasted 00:05:04 (1602 turns).

raphialitos the Vexing (Formicid Arcane Marksman)   Turns: 1602, Time: 00:05:04

Health: 32/32      AC:  3    Str: 14    XL:     4   Next: 72%
Magic:  6/7        EV: 12    Int: 13    God:
Gold:   62         SH:  0    Dex: 12    Spells: 6/7 levels left

rFire    . . .     SeeInvis +   a - +0 hunting sling
rCold    . . .     Gourm    .   (no shield)
rNeg     . . .     Faith    .   e - +0 robe
rPois    .         Spirit   .   (helmet unavailable)
rElec    .         Reflect  .   (no cloak)
rCorr    .         Harm     .   j - +0 pair of gloves
MR       .....                  (no boots)
Stlth    +.........             (no amulet)
HPRegen  0.10/turn              (no ring)
MPRegen  0.10/turn              (no ring)

@: no status effects
A: permanent stasis, dig shafts and tunnels, four strong arms, antennae 3
a: Dig, Shaft Self


You were on level 2 of the Dungeon.
You were not hungry.

You visited 1 branch of the dungeon, and saw 2 of its levels.

You collected 62 gold pieces.

Inventory:

Hand Weapons
 a - a +0 hunting sling (weapon)
Missiles
 d - 19 sling bullets (quivered)
 g - 30 arrows
 k - 64 stones
Armour
 e - a +0 robe (worn)
 j - a +0 pair of gloves (worn)
Jewellery
 h - an uncursed amulet of reflection {unknown}
Scrolls
 i - a scroll of remove curse
 l - a scroll of enchant armour {unknown}
Potions
 c - a potion of berserk rage {unknown}
Comestibles
 b - 3 chunks of flesh
 f - 2 rations


   Skills:
 + Level 1.3 Fighting
 + Level 3.8 Slings
 + Level 1.8 Dodging
 + Level 0.1 Stealth
 + Level 2.1 Spellcasting
 + Level 4.3 Hexes


You had 6 spell levels left.
You knew the following spells:

 Your Spells              Type           Power        Failure   Level  Hunger
a - Corona                Hex            ##.....      4%          1    ##.....

Your spell library contained the following spells:

 Spells                   Type           Power        Failure   Level  Hunger
 Slow                     Hex            ##......     6%          2    ###....
 Inner Flame              Hex/Fire       #.......     30%         3    ####...
 Portal Projectile        Hex/Tloc       #.....       30%         3    ####...
 Cause Fear               Hex            ##........   38%         4    #####..
 Leda's Liquefaction      Hex/Erth       #.........   71%         4    #####..


Dungeon Overview and Level Annotations

Branches:
Dungeon (2/15)

Altars:


Innate Abilities, Weirdness & Mutations

You cannot be hasted, slowed, berserked, paralysed or teleported.
You can dig through walls and to a lower floor.
Your four strong arms can wield two-handed weapons with a shield.
You have a pair of large antennae on your head. (SInv)


Message History

You shoot a sling bullet. The sling bullet hits the worm.
The worm is heavily wounded.
Firing (i - inventory. (/) - cycle)
d - 21 sling bullets (quivered)
Press: ? - help, Shift-Dir - straight line, f/p - worm
Aim: a worm (moderately wounded, softly glowing)
You shoot a sling bullet. The sling bullet hits the worm!
The worm is severely wounded.
Firing (i - inventory. (/) - cycle)
d - 20 sling bullets (quivered)
Press: ? - help, Shift-Dir - straight line, f/p - worm
Aim: a worm (severely wounded, softly glowing)
You shoot a sling bullet. The sling bullet hits the worm.
You kill the worm!
Quiver which item? (- for none, * to show all) (? for menu, Esc to quit)
Okay, then.
Saving game... please wait.
Welcome back, raphialitos the Formicid Arcane Marksman.
Press ? for a list of commands and other information.
Save game and exit?
Okay, then.
Are you sure you want to abandon this character and quit the game? (Confirm with "yes".)

#..# #..# . #..# #. #..# ..
#..# .( #... #( ####...
#(######## #...).. #(@.....#
#.###.# #. # #.######<## #.#
#.# #...#. #.....# #.# #.#
#..#.#####.##..# #.# #.# #
#..... ........# #.# #.#
#.#####.##.# #####...####.# #.#
#.......##.# #........###.#
...........#######.............
..........÷...÷.....###########


There were no monsters in sight!

Vanquished Creatures
  3 adders (D:2)
  2 worms (D:2)
  2 dart slugs (D:1)
  3 leopard geckos
  7 goblins
  6 hobgoblins
  A jackal (D:1)
  A quokka (D:2)
  6 bats
  2 frilled lizards
  6 kobolds
  4 rats (D:1)
43 creatures vanquished.

Notes
Turn   | Place    | Note
-------+----------+-------------------------------------------
     0 | D:1      | raphialitos the Formicid Arcane Marksman began the quest
                  | for the Orb.
     0 | D:1      | Reached XP level 1. HP: 15/15 MP: 2/2
    91 | D:1      | Reached skill level 4 in Hexes
   252 | D:1      | Reached XP level 2. HP: 21/21 MP: 1/3
   597 | D:1      | Reached XP level 3. HP: 26/26 MP: 3/5
  1167 | D:2      | Reached XP level 4. HP: 32/32 MP: 5/7
  1602 | D:2      | Quit the game

Illustrated notes

Levels and vault maps discovered:
D:1:      minmay_arrival_jagged, layout_basic, minmay_quantized
D:2:      layout_loops_ring

Skill      XL: |  1  2  3 |
---------------+----------+-----
Hexes          | 4 |  4.3
Spellcasting   | 2 |  2.1
Slings         | 3 |  3.8
Fighting       | |  1.3
Dodging        | |  1.8
Stealth        | |  0.1

Action                   |  1- 3 |  4- 6 || total
-------------------------+-------+-------++-------
 Fire: Hunting sling     |    78 |    63 ||   141
 Cast: Corona            |    23 |    12 ||    35
  Use: Scroll            |     2 |       ||     2
  Eat: Chunk             |     1 |     2 ||     3
Armor: Robe              |     9 |     6 ||    15
Dodge: Dodged            |    21 |    19 ||    40
